 Dungeon Crawl Stone Soup version 0.17-a0-18-gc25b939 (webtiles) character file.

441101 Beldrama the Skullcrusher (level 24, -2/169 HPs)
             Began as a Gargoyle Gladiator on Mar 8, 2015.
             Was the Champion of Okawaru.
             Slain by a caustic shrike (glowing shapeshifter) (4 damage)
             ... on level 2 of the Depths on Mar 10, 2015.
             The game lasted 09:04:48 (65705 turns).

Beldrama the Skullcrusher (Gargoyle Gladiator)     Turns: 65705, Time: 09:04:48

Health: -2/169     AC: 30    Str: 31      XL:     24   Next: 11%
Magic:  24/29      EV:  9    Int: 11 (12) God:    Okawaru [******]
Gold:   4189       SH:  0    Dex: 10      Spells: 1 memorised, 33 levels left

rFire  + + .     SeeInvis +     y - +9 great mace (crush)
rCold  + . .     Clarity  +     c - +2 plate armour {rF+}
rNeg   + . .     SustAb   .     (no shield)
rPois  ∞         Gourm    .     K - +2 helmet {SInv}
rElec  +         Spirit   .     L - +2 cloak {+Inv}
rCorr  .         Warding  .     Q - +1 pair of gloves
rMut   .         Stasis   .     z - +1 pair of boots {rC+}
MR     +....                    I - amulet of rage
Stlth  ..........               i - +5 ring of strength
                                h - ring of protection from fire

@: finesse, corroded equipment, flying, somewhat resistant to hostile
enchantments, extremely unstealthy
A: able to fly continuously, big wings, hooves 1, clarity, low mp 1, negative
energy resistance 1, electricity resistance, weak 1, unbreathing, petrification
resistance, rot immunity, AC +17
a: Stop Flying, Heroism, Finesse, Renounce Religion, Evoke Berserk Rage, Evoke
Invisibility
}: 2/15 runes: barnacled, gossamer


You were on level 2 of the Depths.
You worshipped Okawaru.
Okawaru was exalted by your worship.
You were not hungry.

You visited 9 branches of the dungeon, and saw 48 of its levels.
You visited the Abyss 2 times.
You also visited: Ossuary, Ice Cave and Volcano.

You collected 5977 gold pieces.
You spent 1788 gold pieces at shops.

Inventory:

Hand weapons
 m - a +4 morningstar of protection
 y - a +9 great mace of crushing (weapon)
Armour
 c - a +2 plate armour of fire resistance (worn)
 z - a +1 pair of boots of cold resistance (worn)
 K - a +2 helmet of see invisible (worn)
 L - a +2 cloak of invisibility (worn)
 Q - a +1 pair of gloves (worn)
Jewellery
 h - a ring of protection from fire (left hand)
 i - a +5 ring of strength (right hand)
 s - an uncursed ring of see invisible
 I - an amulet of rage (around neck)
 M - an uncursed ring of protection from fire
 P - an uncursed ring of protection from magic
 R - an uncursed ring of fire
Magical devices
 d - a wand of cold (10)
 e - a wand of fireball (3)
 j - a wand of digging (0)
 n - a wand of paralysis (14)
 u - a wand of frost (15)
 v - a wand of heal wounds (0)
 C - a wand of invisibility (0)
 V - a wand of fireball (3)
 Z - a wand of disintegration (13)
Scrolls
 a - 8 scrolls of identify
 k - a scroll of holy word
 o - 7 scrolls of enchant armour
 p - a scroll of summoning
 w - 13 scrolls of remove curse
 N - 2 scrolls of magic mapping
Potions
 b - 3 potions of resistance
 g - 4 potions of cancellation
 q - a potion of might
 r - 6 potions of curing
 B - a potion of restore abilities
 D - a potion of cure mutation
 U - a potion of brilliance
 Y - a potion of magic
Comestibles
 f - 17 bread rations
 l - a beef jerky


   Skills:
 + Level 22.6 Fighting
 O Level 27 Maces & Flails
 - Level 2.0 Throwing
 * Level 16.8 Armour
 - Level 2.4 Dodging
   Level 0.2 Shields
 - Level 6.0 Spellcasting
 - Level 0.2 Transmutations
 - Level 9.6 Earth Magic
 - Level 5.0 Invocations
 - Level 2.0 Evocations


You had 33 spell levels left.
You knew the following spells:

 Your Spells              Type           Power        Failure   Level  Hunger
a - Stoneskin             Trmt/Erth      ##......     21%         2    ##.....


Dungeon Overview and Level Annotations

Branches:
Dungeon (15/15)            Temple (1/1) D:5            Lair (8/8) D:10
 Shoals (5/5) Lair:4       Spider (5/5) Lair:4        Slime (0/6) Lair:6
    Orc (4/4) D:10            Elf (3/3) Orc:4        Vaults (5/5) D:13
  Crypt (0/3) Vaults:3     Depths (2/5) D:15

Altars:
Ashenzari
Cheibriados
Dithmenos
Elyvilon
Fedhas
Gozag
Kikubaaqudgha
Makhleb
Nemelex Xobeh
Okawaru
Qazlal
Ru
Sif Muna
Trog
Vehumet
Xom
Yredelemnul
Zin
The Shining One
Beogh
Jiyva

Shops:
D:12 =   D:13 =   Orc:4 ?%[}   Elf:3 (   Shoals:4 [   Vaults:2 *   Vaults:4 :*

Portals:
Hell: Depths:1
Abyss: Depths:1
Pandemonium: Orc:4 Depths:1
Ziggurat: Depths:1

Annotations:
D:5 hornqvist's ghost, experienced FoFi
D:14 exclusion: 4 oklob plants
Lair:6 exclusion: oklob plant


Innate Abilities, Weirdness & Mutations

You are resistant to torment.
You are immune to poison.
You can fly continuously.
Your stone body is very resilient (AC +17).
Your wings are large and strong.
You resist negative energy.
You are resistant to electric shocks.
You can survive without breathing.
You are immune to petrification.
You are immune to rotting.
You have large cloven feet.
You possess an exceptional clarity of mind.
Your magical capacity is low (-10% MP).
You are weak. (Str -2)


Message History

Drink which item? (? for menu, Esc to quit)
You feel better. The caustic shrike barely misses you.
The caustic shrike claws you.
* * * LOW HITPOINT WARNING * * *
You are splashed with acid!
The acid burns!
* * * LOW HITPOINT WARNING * * *
Drink which item? (? for menu, Esc to quit)
Okay, then.
Evoke which item? (* to show all) (? for menu, Esc to quit)
Okay, then.
Casting: Stoneskin
Confirm with . or Enter, or press ? or * to list all spells.
Okay, then.
Drink which item? (? for menu, Esc to quit)
You feel better. The caustic shrike claws you!
* * * LOW HITPOINT WARNING * * *
You are splashed with acid!
The acid burns!
* * * LOW HITPOINT WARNING * * *
The caustic shrike claws you.
You die...

▒∙∙∙∙∙∙∙∙∙▒
▒∙∙∙∙∙∙▒▒▒▒▒
▒∙∙∙∙∙∙▒∙∙#▒
iii▒∙∙∙∙∙∙▒∙▒#▒
iii∙'∙∙∙∙∙>▒∙▒#▒▒
▒■▒ ▒'▒ ▒ ▒∙▒ ▒∙▒
▒#▒
▒▒∙▒▒▒▒▒▒▒%▒▒▒∙▒∙▒▒
▒∙∙b@∙∙∙∙))∙∙▒∙▒∙▒∙
▒∙∙▒▒▒▒▒▒▒∙▒▒▒∙▒∙▒▒
▒▒∙∙▒▒▒▒▒▒▒∙▒ #▒#▒
▒∙∙∙∙∙∙∙∙∙∙∙▒ ▒∙▒
▒∙▒▒▒▒∙▒▒▒▒▒▒ ∙ ▒∙▒
▒ ▒>▒ ▒▒▒▒▒▒▒'▒▒
▒<∙∙∙∙∙∙∙▒


You could see a caustic shrike shaped shifter.

Vanquished Creatures
  Saint Roka (Shoals:2)
  Mara (Vaults:2)
  Frederick (Vaults:4)
  the Enchantress (Depths:2)
  Nikola (Elf:1)
  A tentacled monstrosity (Vaults:4)
  The ghost of WhatIsLove the Sniper, a mighty CeHu of Okawaru (Elf:3)
  3 deep elf blademasters
  4 tentacled starspawn (Abyss:1)
  Polyphemus (Shoals:4)
  A kraken (Shoals:1)
  An Executioner (Abyss:1)
  The ghost of Kaesh the Blocker, a mighty FoFi of Cheibriados (Depths:1)
  Rupert (Spider:3)
  A tengu reaver (Vaults:4)
  2 shadow dragons
  4 fire giants
  A storm dragon (Depths:2)
  Roxanne (Spider:5)
  Ilsuiw (Shoals:5)
  2 frost giants
  Donald (Orc:3)
  6 ghost moths
  Maud (Lair:8)
  6 vault wardens
  Aizul (Shoals:3)
  A cacodemon (Depths:1)
  13 deep elf sorcerers
  11 emperor scorpions
  Gastronok (D:11)
  3 spriggan defenders (Depths:2)
  Jorgrun (Spider:2)
  10 ironheart preservers
  An angel (Abyss:1)
  8 stone giants
  5 very ugly things
  2 lorocyprocas (Abyss:1)
  10 deep elf demonologists
  16 deep elf annihilators
  6 rakshasas
  A starcursed mass (Abyss:1)
  A minotaur (Depths:1)
  An eidolon (Vaults:3)
  5 dire elephants (Lair:8)
  2 ettins (Depths:1)
  4 deep elf death magi (Elf:3)
  A jiangshi (Vaults:3)
  6 merfolk javelineers
  23 vault guards (Vaults:4)
  5 deep elf high priests
  10 merfolk impalers
  Josephine (D:13)
  3 fire dragons
  Fannar (Lair:3)
  Harold (Lair:1)
  6 hydras
  8 yaktaur captains
  4 catoblepae
  5 great orbs of eyes
  5 ice dragons
  The ghost of joosa the Spear-Bearer, a powerful VSBe of Trog (Lair:3)
  2 spriggan air magi (Depths:2)
  5 merfolk avatars
  9 ogre magi
  An anaconda (Lair:8)
  12 dancing weapons (Elf:2)
  An alligator snapping turtle (Shoals:4)
  5 merfolk aquamancers
  5 satyrs
  12 centaur warriors
  10 death yaks
  4 deep troll earth magi
  A tengu warrior (D:15)
  A deep troll shaman (Vaults:3)
  3 thrashing horrors (Abyss:1)
  6 orc high priests
  3 soul eaters
  2 sun demons
  Nergalle (Orc:2)
  23 deep elf knights
  A storm dragon zombie (Vaults:3)
  A hell knight (Abyss:1)
  2 wretched stars (Abyss:1)
  2 shadow wraiths
  2 fire crabs
  A skeletal warrior (D:12)
  4 ice devils
  2 wizards
  A salamander mystic (Depths:1)
  14 deep elf summoners
  A deep troll (shapeshifter) (Elf:1)
  A spatial maelstrom (Abyss:1)
  12 sea snakes
  11 ironbrand convokers
  3 unseen horrors
  A gelid demonspawn (Orc:4)
  9 deep trolls
  17 orc knights
  15 small abominations
  16 hill giants
  2 ice statues (IceCv)
  A tengu zombie (Vaults:3)
  2 flayed ghosts
  A harpy (shapeshifter) (Lair:4)
  5 giant orange brains
  15 harpies
  An infernal demonspawn (Orc:4)
  11 fauns
  33 wolf spiders
  9 orc sorcerers
  15 deep elf conjurers
  A mana viper (shapeshifter) (Abyss:1)
  4 necromancers
  23 orb spiders
  A manticore (shapeshifter) (Elf:3)
  10 manticores
  11 griffons
  A hornet (shapeshifter) (D:14)
  38 ugly things
  3 sixfirhies
  A fire giant zombie (Vaults:2)
  A water nymph (Shoals:3)
  2 moths of wrath
  13 cyclopes
  A stone giant zombie (Vaults:4)
  26 slime creatures
  4 salamanders (Depths:1)
  7 sirens
  A worldbinder (Abyss:1)
  2 black mambas (shapeshifter)
  6 hornets
  A human skeleton (Vaults:1)
  A rust devil (Vaults:4)
  6 smoke demons
  Maurice (D:10)
  10 elephants (Lair:8)
  A guardian serpent (shapeshifter) (Vaults:4)
  2 molten gargoyles (Volcano)
  A storm dragon simulacrum (Vaults:3)
  3 torpor snails
  16 spiny frogs
  2 kobold demonologists (D:11)
  5 black mambas
  12 vault sentinels
  A gargoyle (D:14)
  4 centaur skeletons
  A yaktaur zombie (Vaults:3)
  A hellion (Abyss:1)
  A queen ant (Spider:3)
  4 komodo dragons
  27 yaktaurs
  19 demonic crawlers
  18 deep elf priests
  4 ancient zymes (Abyss:1)
  2 fire drakes
  2 queen bees
  A yaktaur skeleton (Vaults:4)
  14 large abominations (Abyss:1)
  A hellwing (Abyss:1)
  9 trolls
  12 blue devils
  3 efreet
  32 merfolk
  2 polar bears
  9 freezing wraiths
  4 raiju (Abyss:1)
  18 two-headed ogres
  A harpy skeleton (D:15)
  A trapdoor spider zombie (D:11)
  A hydra skeleton (Abyss:1)
  3 ravens (D:15)
  2 boulder beetles
  5 wind drakes
  3 blink frogs (Lair:5)
  28 jumping spiders
  14 snapping turtles
  3 basilisks
  9 flying skulls (Abyss:1)
  An air elemental (Abyss:1)
  19 trapdoor spiders
  A shadow (D:15)
  54 redbacks
  23 deep elf magi
  26 tarantellas
  10 wraiths
  12 water elementals
  4 spriggans (Depths:2)
  3 vampires
  8 wyverns
  2 ynoxinuls (Abyss:1)
  5 neqoxecs
  11 vampire mosquitoes
  3 human simulacra
  12 hippogriffs
  Grum (Orc:3)
  2 fire bats (Volcano)
  A catoblepas simulacrum (Abyss:1)
  A human (shapeshifter) (Vaults:1)
  26 deep elf fighters
  A mottled dragon (shapeshifter) (Vaults:4)
  3 hungry ghosts
  37 yaks
  3 chaos spawn (Abyss:1)
  5 mottled dragons
  Menkaure (D:4)
  10 water moccasins
  8 wargs
  A harpy simulacrum (D:14)
  8 soldier ants
  16 humans (D:12)
  14 wolves
  A deep troll skeleton (Vaults:3)
  A hell hound (Abyss:1)
  30 spiders
  12 porcupines
  8 wasps
  62 orc warriors
  24 ice beasts
  6 black bears
  A phantom (D:6)
  21 centaurs
  3 sky beasts
  16 crocodiles
  34 ogres
  2 boring beetles
  2 big kobolds
  A gnoll sergeant (D:8)
  Blork the orc (D:6)
  22 giant frogs
  A wyvern zombie (D:12)
  An earth elemental (Abyss:1)
  2 glowing shapeshifter simulacra
  12 scorpions
  57 killer bees
  4 electric eels
  9 wights (Abyss:1)
  9 crimson imps
  2 goliath beetles
  14 hounds
  6 jellies
  A wasp zombie (D:7)
  4 giant frog zombies
  5 human zombies
  32 orc wizards
  Crazy Yiuf (D:4)
  6 iguanas
  2 giant frog skeletons
  An iron imp (Abyss:1)
  44 orc priests
  2 quasits
  5 centaur zombies
  9 hell rats
  28 worker ants
  A boulder beetle simulacrum (Vaults:1)
  46 sheep
  4 ogre zombies
  7 mummies (Ossuary)
  A hound zombie (D:5)
  A hound skeleton (D:9)
  A worker ant zombie (D:6)
  22 adders
  46 river rats
  4 giant mites
  22 gnolls
  5 shadow imps
  8 white imps (IceCv)
  14 ufetubi
  6 worms
  4 adder zombies (Ossuary)
  3 giant geckos
  3 oozes
  251 orcs
  13 bats
  A bat skeleton (D:7)
  6 giant cockroaches
  20 goblins
  14 hobgoblins
  20 quokkas
  2 ball pythons (D:2)
  A giant gecko skeleton (D:5)
  8 giant newts
  3 giant spores
  2 hobgoblin zombies (Ossuary)
  17 jackals
  27 kobolds
  2 orc zombies (Ossuary)
  A quokka zombie (D:7)
  21 rats
  7 rat zombies (Ossuary)
  29 ballistomycetes
  2 crawling corpses (Elf:1)
  A fungus (Lair:6)
  5 plants (Lair:8)
  5 tentacles
  A tentacle segment (Shoals:4)
2514 creatures vanquished.

Vanquished Creatures (collateral kills)
  2 demonic crawlers (Spider:5)
  A redback (Spider:5)
3 creatures vanquished.

Vanquished Creatures (others)
  A lich (Vaults:1)
  An eldritch tentacle (Vaults:1)
  An ironheart preserver (Vaults:5)
  An ice dragon (Depths:1)
  A deep elf knight (Vaults:3)
  An orb spider (Spider:5)
  5 drowned souls
  A torpor snail (Spider:5)
  A jumping spider (Spider:2)
  A deep elf priest (Elf:3)
  A raiju (Abyss:1)
  A trapdoor spider (D:14)
  3 deep elf magi (Elf:3)
  A deep elf fighter (Elf:3)
  An orc warrior (Shoals:2)
  A killer bee (D:14)
  2 white imps (IceCv)
  2 ufetubi (IceCv)
  2 giant spores (D:12)
  A lurking horror (Abyss:1)
  7 bushes (Depths:2)
  94 eldritch tentacle segments (Vaults:1)
  11 fungi (Lair:8)
  14 plants
  11 starspawn tentacles (Abyss:1)
  102 starspawn tentacle segments (Abyss:1)
  26 tentacles
  714 tentacle segments
1008 creatures vanquished.

Grand Total: 3525 creatures vanquished

Notes
Turn   | Place    | Note
--------------------------------------------------------------
     0 | D:1      | Beldrama, the Gargoyle Gladiator, began the quest for the Orb.
     0 | D:1      | Reached XP level 1. HP: 12/12 MP: 1/1
    70 | D:1      | Reached XP level 2. HP: 15/17 MP: 2/2
   263 | D:1      | Reached skill level 4 in Maces & Flails
   464 | D:1      | You fall through a shaft!
   548 | D:2      | Reached XP level 3. HP: 21/21 MP: 3/3
   654 | D:2      | Reached XP level 4. HP: 18/26 MP: 4/4
   937 | D:2      | Reached skill level 5 in Maces & Flails
  1341 | D:3      | Reached XP level 5. HP: 23/30 MP: 5/5
  1444 | D:3      | Found a deep blue altar of Sif Muna.
  1644 | D:3      | Reached skill level 6 in Maces & Flails
  2202 | D:4      | Noticed Menkaure
  2245 | D:4      | Killed Menkaure
  2245 | D:4      | Reached skill level 7 in Maces & Flails
  2245 | D:4      | Reached XP level 6. HP: 15/35 MP: 6/6
  2385 | D:4      | Noticed Crazy Yiuf
  2390 | D:4      | Killed Crazy Yiuf
  3074 | D:4      | Reached XP level 7. HP: 16/40 MP: 7/7
  3334 | D:5      | Entered Level 5 of the Dungeon
  3365 | D:5      | Found a sand-covered staircase.
  3381 | Ossuary  | Entered an ossuary
  3529 | Ossuary  | Reached skill level 8 in Maces & Flails
  4031 | D:5      | Noticed hornqvist's ghost (experienced FoFi)
  4135 | D:5      | Found a shattered altar of Ashenzari.
  4138 | D:5      | Found a blossoming altar of Fedhas.
  4144 | D:5      | Found a bloodstained altar of Trog.
  4230 | D:5      | Found a staircase to the Ecumenical Temple.
  4247 | Temple   | Entered the Ecumenical Temple
  4372 | Temple   | Became a worshipper of Warmaster Okawaru
  4988 | D:5      | Reached skill level 9 in Maces & Flails
  4988 | D:5      | Reached XP level 8. HP: 33/44 MP: 8/8
  5233 | D:5      | Found a burning altar of Makhleb.
  5233 | D:5      | Noticed a green death
  5236 | D:5      | Noticed a neqoxec
  5236 | D:5      | Noticed a ynoxinul
  5550 | D:5      | Reached skill level 10 in Maces & Flails
  5746 | D:6      | Noticed Blork the orc
  5753 | D:6      | Killed Blork the orc
  5944 | D:6      | Found a glowing golden altar of the Shining One.
  5945 | D:6      | Noticed an angel
  5949 | D:6      | Found a basalt altar of Yredelemnul.
  5950 | D:6      | Noticed a profane servitor
  6161 | D:6      | Acquired Okawaru's first power
  6215 | D:6      | Reached skill level 11 in Maces & Flails
  6359 | D:6      | Reached XP level 9. HP: 38/48 MP: 9/9
  6755 | D:7      | Found an opulent altar of Gozag.
  6824 | D:7      | Found an opulent altar of Gozag.
  6859 | D:7      | Reached skill level 12 in Maces & Flails
  6919 | D:7      | Found a shadowy altar of Dithmenos.
  7539 | D:8      | Reached skill level 13 in Maces & Flails
  7564 | D:8      | Reached XP level 10. HP: 27/53 MP: 10/10
  7834 | D:8      | Reached skill level 14 in Maces & Flails
  8657 | D:9      | Found a roughly hewn altar of Beogh.
  8982 | D:9      | Reached skill level 15 in Maces & Flails
  9204 | D:10     | Entered Level 10 of the Dungeon
  9223 | D:10     | Noticed a hill giant
  9234 | D:10     | Killed a hill giant
  9332 | D:10     | Noticed Maurice
  9388 | D:10     | Killed Maurice
  9388 | D:10     | Reached XP level 11. HP: 55/57 MP: 11/11
  9449 | D:10     | Found a sacrificial altar of Ru.
  9541 | D:10     | Found a staircase to the Lair.
  9715 | D:10     | Found a staircase to the Orcish Mines.
  9736 | D:10     | Acquired Okawaru's second power
  9917 | D:10     | Reached skill level 16 in Maces & Flails
 10303 | Lair:1   | Entered Level 1 of the Lair of Beasts
 10311 | Lair:1   | Noticed Harold
 10343 | Lair:1   | Killed Harold
 10343 | Lair:1   | Received a gift from Okawaru
 10784 | Lair:1   | Got a dull robe
 10797 | Lair:1   | Identified the +3 robe of Miracles {-Cast rF+ rC- Regen+ Dex+5} (You found it on level 1 of the Lair of Beasts)
 11349 | Lair:2   | Reached skill level 17 in Maces & Flails
 11441 | Lair:2   | Noticed an eight-headed hydra
 11484 | Lair:2   | Received a gift from Okawaru
 11496 | Lair:2   | Found a dark tunnel.
 11506 | Volcano  | Entered a volcano
 11623 | Volcano  | Found a burning altar of Makhleb.
 11623 | Volcano  | Noticed an ogre mage
 11623 | Volcano  | Noticed a hill giant
 11668 | Volcano  | Identified a scroll of acquirement
 11671 | Volcano  | Got a blackened great mace
 11677 | Volcano  | Identified the +0 great mace of the Middle {venom, rElec Str-5 SInv} (You acquired it in a volcano)
 11737 | Volcano  | Noticed a hill giant
 11761 | Volcano  | Killed an ogre mage
 11761 | Volcano  | Reached XP level 12. HP: 60/62 MP: 10/12
 11783 | Volcano  | Noticed a hill giant
 11802 | Volcano  | Killed a hill giant
 11808 | Volcano  | Killed a hill giant
 11808 | Volcano  | Reached skill level 18 in Maces & Flails
 11901 | Volcano  | Killed a hill giant
 12432 | Lair:2   | Killed an eight-headed hydra
 13031 | Lair:3   | Noticed joosa's ghost (powerful VSBe)
 13045 | Lair:3   | Killed joosa's ghost
 13130 | Lair:3   | Reached skill level 19 in Maces & Flails
 13302 | Lair:3   | Noticed Fannar
 13326 | Lair:3   | Killed Fannar
 13751 | Lair:3   | Noticed a four-headed hydra
 13760 | Lair:3   | Killed a four-headed hydra
 13833 | Lair:4   | Found a hole to the Spider Nest.
 14015 | Lair:4   | Received a gift from Okawaru
 14016 | Lair:4   | Found a staircase to the Shoals.
 14031 | Lair:4   | Reached XP level 13. HP: 31/66 MP: 13/13
 14045 | Lair:4   | Got a pitted glaive {god gift}
 14047 | Lair:4   | Identified the +3 glaive of Toiphue {chop, rN+} (Okawaru gifted it to you on level 4 of the Lair of Beasts)
 14420 | Lair:4   | Gained mutation: Your wings are large and strong. [gargoyle growth]
 14420 | Lair:4   | Reached XP level 14. HP: 48/83 MP: 14/14
 14523 | Lair:4   | Reached skill level 20 in Maces & Flails
 15855 | Lair:6   | Received a gift from Okawaru
 16215 | Lair:6   | Found a staircase to the Slime Pits.
 16534 | Lair:7   | Reached skill level 21 in Maces & Flails
 17097 | Lair:8   | Entered Level 8 of the Lair of Beasts
 17170 | Lair:8   | Received a gift from Okawaru
 17688 | Lair:8   | Noticed Maud
 17809 | Lair:8   | Killed Maud
 17809 | Lair:8   | Reached XP level 15. HP: 88/88 MP: 8/15
 18373 | Orc:1    | Entered Level 1 of the Orcish Mines
 18619 | Orc:1    | Found a burning altar of Makhleb.
 18862 | Orc:2    | Reached skill level 1 in Armour
 19037 | Orc:2    | Found a roughly hewn altar of Beogh.
 19089 | Orc:2    | Noticed Nergalle
 19098 | Orc:2    | Killed Nergalle
 19396 | Orc:3    | Noticed Grum
 19407 | Orc:3    | Killed Grum
 19607 | Orc:2    | Received a gift from Okawaru
 19717 | Orc:3    | Found a roughly hewn altar of Beogh.
 20014 | Orc:3    | Noticed Donald
 20038 | Orc:3    | Killed Donald
 20420 | Orc:4    | Entered Level 4 of the Orcish Mines
 20428 | Orc:4    | Found a roughly hewn altar of Beogh.
 20523 | Orc:4    | Found a frozen archway.
 20546 | IceCv    | Entered an ice cave
 20891 | IceCv    | Reached skill level 10 in Fighting
 21381 | IceCv    | Reached skill level 1 in Evocations
 21847 | Orc:4    | Found Etofuuha's Food Boutique.
 21848 | Orc:4    | Found Vofuhaf's Magic Scroll Shop.
 22193 | Orc:4    | Bought a scroll of teleportation for 48 gold pieces
 22193 | Orc:4    | Bought a scroll of magic mapping for 56 gold pieces
 22369 | Orc:4    | Reached skill level 1 in Invocations
 22763 | Orc:4    | Reached skill level 5 in Armour
 22783 | Orc:4    | Found Ghoruvia's Gadget Emporium.
 22783 | Orc:4    | Found Calerch's Antique Armour Shoppe.
 22784 | Orc:4    | Found a one-way gate leading to the halls of Pandemonium.
 23069 | Orc:4    | Found a roughly hewn altar of Beogh.
 23210 | Orc:4    | Found a staircase to the Elven Halls.
 23974 | D:11     | Noticed Gastronok
 23987 | D:11     | Killed Gastronok
 24112 | D:11     | Reached XP level 16. HP: 95/101 MP: 22/22
 24646 | D:12     | Found a viscous altar of Jiyva.
 24971 | D:12     | Found Twang's Jewellery Boutique.
 24991 | D:12     | Bought a +5 ring of strength for 659 gold pieces
 25035 | D:12     | Got an iridescent war axe
 25037 | D:12     | Identified the cursed +3 war axe of Xom's Regard {freeze, rElec Str-4 Dex+3} (You found it on level 12 of the Dungeon)
 25525 | D:13     | Found a gate to the Vaults.
 25653 | D:12     | Received a gift from Okawaru
 25948 | D:13     | Got a polished ring mail
 25950 | D:13     | Identified the +0 ring mail "Atisyuty" {rElec rC+ rN+ Int+4 SInv} (You found it on level 13 of the Dungeon)
 26414 | D:13     | Noticed Josephine
 26425 | D:13     | Killed Josephine
 26441 | D:13     | Found Phallib's Jewellery Emporium.
 26582 | D:14     | Found Mnuic's Food Shoppe.
 26593 | D:14     | Reached skill level 5 in Invocations
 26891 | D:14     | Received a gift from Okawaru
 27245 | D:14     | Found a shimmering altar of Xom.
 27509 | D:15     | Entered Level 15 of the Dungeon
 28154 | D:15     | Found a staircase to the Depths.
 28166 | D:15     | Received a gift from Okawaru
 28226 | Depths:1 | Entered Level 1 of the Depths
 28536 | D:15     | Reached skill level 15 in Fighting
 29129 | Lair:2   | Reached XP level 17. HP: 113/113 MP: 25/25
 29211 | Shoals:1 | Entered Level 1 of the Shoals
 29429 | Shoals:1 | Found a runed door.
 29932 | Shoals:1 | Reached skill level 22 in Maces & Flails
 30769 | Shoals:2 | Noticed Saint Roka
 30848 | Shoals:2 | Reached skill level 10 in Armour
 31810 | Shoals:2 | Paralysed by an orc sorcerer for 6 turns
 32404 | Shoals:2 | Killed Saint Roka
 32404 | Shoals:2 | Received a gift from Okawaru
 32863 | Shoals:3 | Learned a level 2 spell: Stoneskin
 32884 | Shoals:3 | Noticed Aizul
 32913 | Shoals:3 | Killed Aizul
 32920 | Shoals:3 | Reached skill level 1 in Earth Magic
 33587 | Shoals:3 | Received a gift from Okawaru
 34844 | Spider:1 | Entered Level 1 of the Spider Nest
 35391 | Spider:1 | Reached XP level 18. HP: 117/122 MP: 25/25
 36529 | Spider:2 | Received a gift from Okawaru
 36529 | Spider:2 | Reached skill level 1 in Spellcasting
 37124 | Spider:2 | Received a gift from Okawaru
 37130 | Spider:2 | Noticed Jorgrun
 37141 | Spider:2 | Reached skill level 23 in Maces & Flails
 37465 | Spider:2 | Killed Jorgrun
 37465 | Spider:2 | Reached skill level 5 in Earth Magic
 38296 | Spider:3 | Noticed Rupert
 38314 | Spider:3 | Killed Rupert
 39451 | Spider:4 | Received a gift from Okawaru
 39970 | Spider:5 | Entered Level 5 of the Spider Nest
 41444 | Spider:5 | Reached XP level 19. HP: 96/128 MP: 27/27
 41510 | Spider:5 | Received a gift from Okawaru
 41513 | Spider:5 | Got an opalescent robe {god gift}
 41525 | Spider:5 | Identified the +2 robe of Negation {rF- rC++ Slay+2} (Okawaru gifted it to you on level 5 of the Spider Nest)
 41921 | Spider:5 | Noticed Roxanne
 42725 | Spider:5 | Got a gossamer rune of Zot
 42830 | Spider:5 | Killed Roxanne
 42832 | Spider:5 | Identified Roxanne's Volume of Unstable Stones (You took it off Roxanne on level 5 of the Spider Nest)
 43309 | Shoals:4 | Noticed Polyphemus
 43568 | Shoals:4 | Killed Polyphemus
 43991 | Shoals:4 | Found Ujeoneig's Antique Armour Boutique.
 44721 | Shoals:5 | Entered Level 5 of the Shoals
 44816 | Shoals:5 | Reached skill level 5 in Spellcasting
 44823 | Shoals:5 | Gained mutation: Your flesh is heat resistant. [potion of mutation]
 44823 | Shoals:5 | Gained mutation: You are dopey. (Int -2) [potion of mutation]
 44823 | Shoals:5 | Gained mutation: You occasionally shout uncontrollably at your foes. [potion of mutation]
 44869 | Shoals:5 | Received a gift from Okawaru
 44932 | Shoals:5 | Got a barnacled rune of Zot
 45699 | Shoals:5 | Identified Spellcraft, Part One
 45717 | Shoals:5 | Noticed Ilsuiw
 45762 | Shoals:5 | Killed Ilsuiw
 46142 | Shoals:5 | Reached skill level 24 in Maces & Flails
 46600 | Vaults:1 | Entered Level 1 of the Vaults
 46774 | Vaults:1 | Reached XP level 20. HP: 129/136 MP: 28/31
 46857 | Vaults:1 | Received a gift from Okawaru
 47521 | Elf:1    | Entered Level 1 of the Elven Halls
 47646 | Elf:1    | Noticed Nikola
 47678 | Elf:1    | Killed Nikola
 48984 | Elf:2    | Found a burning altar of Makhleb.
 49110 | Elf:2    | Gained mutation: You have a pair of small antennae on your head. [potion of mutation]
 49113 | Elf:2    | Lost mutation: You have a pair of small antennae on your head. [potion of cure mutation]
 49113 | Elf:2    | Lost mutation: Your flesh is heat resistant. [potion of cure mutation]
 49113 | Elf:2    | Lost mutation: You are dopey. (Int -2) [potion of cure mutation]
 49113 | Elf:2    | Lost mutation: You occasionally shout uncontrollably at your foes. [potion of cure mutation]
 49198 | Elf:2    | Received a gift from Okawaru
 49342 | Elf:2    | Found a runed gate.
 49343 | Elf:2    | Found a runed gate.
 49343 | Elf:2    | Found a runed gate.
 49421 | Elf:2    | Received a gift from Okawaru
 49427 | Elf:2    | Got a slimy ring mail {god gift}
 49439 | Elf:2    | Identified the -5 ring mail "Phiub" {+Blink MR+ Str+2 Int-2} (Okawaru gifted it to you on level 2 of the Elven Halls)
 50736 | Elf:3    | Entered Level 3 of the Elven Halls
 51476 | Elf:3    | Reached skill level 25 in Maces & Flails
 51946 | Elf:3    | Cast into the Abyss (a deep elf demonologist)
 52184 | Elf:3    | Escaped the Abyss
 52243 | Elf:3    | Reached XP level 21. HP: 118/142 MP: 30/32
 52546 | Elf:3    | Noticed WhatIsLove's ghost (mighty CeHu)
 52669 | Elf:3    | Killed WhatIsLove's ghost
 52669 | Elf:3    | Received a gift from Okawaru
 52672 | Elf:3    | Got an encrusted dire flail {god gift}
 52673 | Elf:3    | Identified the +4 dire flail "Vepsinon" {elec, +Blink Stlth+} (Okawaru gifted it to you on level 3 of the Elven Halls)
 52872 | Elf:3    | Cast into the Abyss (a deep elf sorcerer)
 53841 | Abyss:1  | Reached skill level 26 in Maces & Flails
 54213 | Abyss:1  | Found a corrupted altar of Lugonu.
 54335 | Abyss:1  | Gained mutation: You tend to lose your temper in combat. [a neqoxec]
 54393 | Elf:3    | Escaped the Abyss
 54428 | Elf:3    | Received a gift from Okawaru
 54450 | Elf:3    | Received a gift from Okawaru
 54745 | Elf:3    | Identified the Tome of Confrontation
 54808 | Elf:3    | Identified the Grimoire of Aid
 54850 | Elf:3    | Got a steaming morningstar
 54856 | Elf:3    | Identified the -1 morningstar "Wuacum" {crush, rN+ Str+2} (You found it on level 3 of the Elven Halls)
 55050 | Elf:3    | Found Qinav's Weapon Boutique.
 55796 | Vaults:1 | Found a glowing golden altar of the Shining One.
 55886 | Vaults:1 | Reached XP level 22. HP: 141/150 MP: 32/32
 56385 | Vaults:1 | Received a gift from Okawaru
 56393 | Vaults:1 | Identified a +3 rod of ignition (13/13) (You found it on level 3 of the Elven Halls)
 57131 | Vaults:2 | Lost mutation: You tend to lose your temper in combat. [potion of cure mutation]
 57359 | Vaults:2 | Reached skill level 27 in Maces & Flails
 57762 | Vaults:2 | Found Ishemuac's Assorted Antiques.
 57767 | Vaults:2 | Noticed Mara
 57771 | Vaults:2 | Noticed Beldrama's illusion
 58253 | Vaults:2 | Received a gift from Okawaru
 58460 | Vaults:2 | Noticed Beldrama's illusion
 58481 | Vaults:2 | Killed Mara
 58856 | Vaults:2 | Bought a potion of curing for 147 gold pieces
 58856 | Vaults:2 | Bought a scroll of enchant weapon for 367 gold pieces
 58856 | Vaults:2 | Bought a potion of heal wounds for 245 gold pieces
 58856 | Vaults:2 | Bought a scroll of magic mapping for 171 gold pieces
 59617 | Vaults:3 | Identified the Papyrus of Dusty Curses
 60172 | Vaults:3 | Found a staircase to the Crypt.
 60329 | Vaults:3 | Received a gift from Okawaru
 60483 | Vaults:3 | Reached XP level 23. HP: 102/159 MP: 33/33
 60909 | Vaults:3 | Gained mutation: You have large cloven feet. [potion of beneficial mutation]
 60950 | Vaults:3 | Paralysed by a great orb of eyes for 2 turns
 61449 | Vaults:4 | Found Noizad's Book Boutique.
 61886 | Vaults:4 | Gained mutation: You possess an exceptional clarity of mind. [potion of beneficial mutation]
 62043 | Vaults:4 | Found Qiamirphi's Assorted Antiques.
 62052 | Vaults:4 | Bought a potion of heal wounds for 95 gold pieces
 62145 | Vaults:4 | Reached skill level 15 in Armour
 62850 | Vaults:5 | Entered Level 5 of the Vaults
 62850 | Vaults:5 | Noticed Frederick
 62852 | Vaults:5 | Noticed an ancient lich
 63021 | Vaults:4 | Received a gift from Okawaru
 63472 | Vaults:4 | Received a gift from Okawaru
 63607 | Vaults:4 | Gained mutation: Your magical capacity is low (-10% MP). [a neqoxec]
 63740 | Vaults:4 | Killed Frederick
 64085 | Depths:1 | Found a gateway to a ziggurat.
 64126 | Depths:1 | Found a one-way gate to the infinite horrors of the Abyss.
 64421 | Depths:1 | Noticed Kaesh's ghost (mighty FoFi)
 64448 | Depths:1 | Killed Kaesh's ghost
 64509 | Depths:1 | Found a gateway to Hell.
 64576 | Depths:1 | Gained mutation: You are weak. (Str -2) [a neqoxec]
 65512 | Depths:1 | Reached XP level 24. HP: 169/169 MP: 29/29
 65598 | Depths:2 | Noticed the Enchantress
 65639 | Depths:2 | Killed the Enchantress
 65705 | Depths:2 | HP: 6/169 [caustic shrike (glowing shapeshifter) (14)]
 65705 | Depths:2 | HP: 2/169 [acid (4)]
 65705 | Depths:2 | Slain by a caustic shrike (glowing shapeshifter)

Action                   |  1- 3 |  4- 6 |  7- 9 | 10-12 | 13-15 | 16-18 | 19-21 | 22-24 || total
-------------------------+-------+-------+-------+-------+-------+-------+-------+-------++-------
Melee: Flail             |    86 |   225 |   538 |   860 |    69 |       |       |       ||  1778
       Great mace        |       |       |       |   265 |  1384 |  1849 |  1641 |  1321 ||  6460
       Morningstar       |       |       |       |       |       |       |    16 |       ||    16
 Cast: Stoneskin         |       |       |       |       |       |    10 |    27 |     9 ||    46
Invok: Heroism           |       |       |       |    12 |     7 |     3 |     8 |     2 ||    32
       Finesse           |       |       |       |       |     1 |     2 |     5 |     4 ||    12
 Abil: Evoke Berserk Rag |       |       |       |     1 |     1 |     2 |       |       ||     4
Evoke: Wand              |       |       |       |    11 |    11 |    16 |    23 |     6 ||    67
  Use: Scroll            |     6 |     8 |     7 |    14 |    13 |    21 |    18 |    13 ||   100
       Potion            |     3 |     5 |     7 |     7 |     5 |    15 |    21 |    20 ||    83
 Stab: Invisible         |       |       |     1 |     2 |       |       |       |       ||     3
       Sleeping          |       |       |     1 |       |       |       |       |       ||     1
       Distracted        |       |       |     1 |       |       |       |       |       ||     1
       Petrified         |       |       |       |       |     2 |       |     1 |       ||     3
       Petrifying        |       |       |       |       |       |       |     1 |       ||     1
  Eat: Chunk             |       |     6 |     4 |    18 |    15 |    21 |     4 |     2 ||    70
       Pizza             |       |     1 |     1 |     1 |     1 |     1 |       |       ||     5
       Meat ration       |       |       |     1 |       |     2 |     7 |     2 |     3 ||    15
       Bread ration      |       |       |     1 |       |       |       |       |     3 ||     4
       Fruit             |       |       |       |     2 |     3 |       |     7 |     3 ||    15
       Beef jerky        |       |       |       |     3 |     4 |     1 |     3 |     2 ||    13
       Royal jelly       |       |       |       |       |       |     1 |    14 |       ||    15
